TOP OF THE 1ST |
Rome Braves batting - Pitching for Eugene Emeralds : RHP Rodolfo Perez
|
Pitching: RHP Rodolfo Perez
|
|
Batting: RHB Carlos Livas
|
0-0: Foul Ball, location: 2F 0-1: Swinging Strike 0-2: Ball 1-2: Ball 2-2: Ball 3-2: SINGLE (Groundball, 34D, EV 102.5 MPH) (infield hit)
|
Batting: LHB Adam Hairston
|
0-0: Ball Carlos Livas steals 2nd, throwing error, E2 Carlos Livas to third 1-0: Ball 2-0: Foul Ball, location: 2F 2-1: SINGLE (Groundball, 6MS, EV 66.9 MPH) (infield hit) Carlos Livas scores
|
Batting: RHB Mike Velazquez
|
0-0: Ball Adam Hairston steals 2nd base (no throw) 1-0: Ball Wild Pitch! Adam Hairston to third 2-0: Called Strike 2-1: Called Strike 2-2: Foul Ball, location: 2F 2-2: SINGLE (Groundball, 34D, EV 99.4 MPH) Adam Hairston scores
|
Batting: LHB Shigeru Ono
|
0-0: Ball 1-0: 2-RUN HOME RUN (Flyball, 7D, EV 95.6 MPH), Distance : 353 ft
|
Pitching: RHP Brendan Malzone
|
|
Batting: RHB Dave Pizarro
|
0-0: Foul Ball, location: 2F 0-1: Ball 1-1: Swinging Strike 1-2: Foul Ball, location: 2F 1-2: Hit by Pitch
|
Batting: RHB Manny Hensley
|
0-0: Ball 1-0: Ball Dave Pizarro steals 2nd base 2-0: Foul Ball, location: 2F 2-1: Ball 3-1: Foul Ball, location: 2F 3-2: Reached on error, E5 (Groundball, 56S, EV 85.0 MPH) Dave Pizarro scores
|
Batting: LHB Diego Garcia
|
0-0: Ball 1-0: Ball 2-0: SINGLE (Groundball, 34D, EV 105.6 MPH) Manny Hensley to third
|
Batting: RHB Yutaka Yamane
|
0-0: Called Strike Diego Garcia steals 2nd base 0-1: Ball 1-1: Ball 2-1: Ball 3-1: SINGLE (Flyball, 6MD, EV 91.2 MPH) Manny Hensley scores Diego Garcia to third
|
Pitching: RHP Jose Mata
|
|
Batting: LHB Ivan Castillo
|
0-0: Ball 1-0: Ball 2-0: Foul Ball, location: 2F 2-1: Foul Ball, location: 2F 2-2: Strikes out swinging
|
Batting: RHB Carlos Livas
|
0-0: Called Strike Yutaka Yamane steals 2nd base 0-1: Ball 1-1: Ball Wild Pitch! Diego Garcia scores Yutaka Yamane to third 2-1: Ball Passed Ball! Yutaka Yamane scores 3-1: SOLO HOME RUN (Flyball, 78XD, EV 100.6 MPH), Distance : 387 ft
|
Batting: LHB Adam Hairston
|
0-0: Ball 1-0: Ball 2-0: Called Strike 2-1: Ball 3-1: Called Strike 3-2: Ground out 4-3 (Groundball, 4, EV 102.5 MPH)
|
Batting: RHB Mike Velazquez
|
0-0: Ball 1-0: Ball 2-0: Ball 3-0: Base on Balls
|
Pitching: RHP Victor de Leon
|
|
Batting: LHB Shigeru Ono
|
0-0: Ball 1-0: Ground out 4-3 (Groundball, 4, EV 78.1 MPH)
|
Top of the 1st over - 9 runs, 7 hits, 2 errors, 1 left on base; Rome 9 - Eugene 0 |
BOTTOM OF THE 1ST |
Eugene Emeralds batting - Pitching for Rome Braves : LHP Bahrom Mohammad
|
Pitching: LHP Bahrom Mohammad
|
|
Batting: RHB Hugo Torrez
|
0-0: Ball 1-0: Ball 2-0: Called Strike 2-1: Foul Ball, location: 2F 2-2: SINGLE (Line Drive, 89S, EV 107.5 MPH)
|
Batting: RHB Dustin Goldsborough
|
0-0: Called Strike 0-1: Called Strike 0-2: Ball 1-2: Foul Ball, location: 2F 1-2: Strikes out swinging
|
Batting: RHB Jorge Lagunas
|
0-0: Ball Hugo Torrez steals 2nd base 1-0: Ball 2-0: Foul Ball, location: 2F 2-1: Swinging Strike 2-2: Strikes out swinging
|
Batting: RHB Bartolo Aguilar
|
0-0: Foul Ball, location: 2F 0-1: Ball 1-1: Foul Ball, location: 2F 1-2: Ball 2-2: Foul Ball, location: 2F 2-2: Ball 3-2: Strikes out swinging
|
Bottom of the 1st over - 0 runs, 1 hit, 0 errors, 1 left on base; Rome 9 - Eugene 0 |
TOP OF THE 2ND |
Rome Braves batting - Pitching for Eugene Emeralds : RHP Victor de Leon
|
Batting: RHB Dave Pizarro
|
0-0: SINGLE (Groundball, 4MD, EV 106.9 MPH)
|
Batting: RHB Manny Hensley
|
0-0: Called Strike 0-1: Ball 1-1: Called Strike 1-2: Ball 2-2: Ball 3-2: Foul Ball, location: 2F 3-2: Base on Balls Dave Pizarro to second
|
Batting: LHB Diego Garcia
|
0-0: SINGLE (Groundball, 34D, EV 101.9 MPH) Dave Pizarro to third Manny Hensley to second Throwing error, E9 Dave Pizarro scores Manny Hensley to third Diego Garcia to second
|
Batting: RHB Yutaka Yamane
|
0-0: Foul Ball, location: 2F 0-1: Foul Ball, location: 2F 0-2: Ball 1-2: Ball 2-2: Foul Ball, location: 2F 2-2: Strikes out swinging
|
Batting: LHB Ivan Castillo
|
0-0: Ball Passed Ball! Manny Hensley scores Diego Garcia to third 1-0: Called Strike 1-1: Swinging Strike 1-2: Ball Passed Ball! Diego Garcia scores 2-2: Ball 3-2: Base on Balls
|
Pitching: LHP Alex Gandarilla
|
|
Batting: RHB Carlos Livas
|
0-0: Ball Wild Pitch! Ivan Castillo to second 1-0: Swinging Strike 1-1: DOUBLE (Line Drive, 89D, EV 99.4 MPH) Ivan Castillo scores
|
Batting: LHB Adam Hairston
|
0-0: Ball 1-0: Foul Ball, location: 2F 1-1: Swinging Strike 1-2: Strikes out swinging
|
Batting: RHB Mike Velazquez
|
0-0: Ball 1-0: Ball 2-0: DOUBLE (Groundball, 5L, EV 94.4 MPH) Carlos Livas scores
|
Batting: LHB Shigeru Ono
|
0-0: Ball 1-0: Called Strike 1-1: Ground out 5-3 (Groundball, 56, EV 95.6 MPH)
|
Top of the 2nd over - 5 runs, 4 hits, 1 error, 1 left on base; Rome 14 - Eugene 0 |
BOTTOM OF THE 2ND |
Eugene Emeralds batting - Pitching for Rome Braves : LHP Bahrom Mohammad
|
Batting: RHB Mike Larson
|
0-0: Called Strike 0-1: Ball 1-1: Called Strike 1-2: Strikes out swinging
|
Batting: RHB T.J. Garrison
|
0-0: Ball 1-0: Foul Ball, location: 2F 1-1: Called Strike 1-2: Ball 2-2: Strikes out swinging
|
Batting: RHB Juan Lira
|
0-0: Called Strike 0-1: Ball 1-1: Called Strike 1-2: Strikes out looking
|
Bottom of the 2nd over - 0 runs, 0 hits, 0 errors, 0 left on base; Rome 14 - Eugene 0 |
TOP OF THE 3RD |
Rome Braves batting - Pitching for Eugene Emeralds : LHP Alex Gandarilla
|
Batting: RHB Dave Pizarro
|
0-0: Called Strike 0-1: Called Strike 0-2: Foul Ball, location: 2F 0-2: SINGLE (Groundball, 4D, EV 103.8 MPH)
|
Batting: RHB Manny Hensley
|
0-0: Ball 1-0: Called Strike 1-1: Ball 2-1: Called Strike 2-2: Ball 3-2: Foul Ball, location: 2F 3-2: Foul Ball, location: 2F 3-2: SINGLE (Groundball, 4MD, EV 101.9 MPH) Dave Pizarro to second Dave Pizarro to third
|
Batting: LHB Diego Garcia
|
0-0: Ball 1-0: Foul Ball, location: 2F 1-1: Ball 2-1: Foul Ball, location: 2F 2-2: SINGLE (Line Drive, 6D, EV 104.4 MPH) Dave Pizarro scores Manny Hensley to second
|
Batting: RHB Yutaka Yamane
|
0-0: Ball 1-0: Foul Ball, location: 2F 1-1: Ball 2-1: Foul Ball, location: 2F 2-2: Foul Ball, location: 2F 2-2: Strikes out swinging
|
Batting: LHB Ivan Castillo
|
0-0: Called Strike 0-1: Ball 1-1: SINGLE (Line Drive, 78S, EV 99.4 MPH) Manny Hensley to third Diego Garcia to second
|
Batting: RHB Carlos Livas
|
0-0: Ball Passed Ball! Manny Hensley scores Diego Garcia to third Ivan Castillo to second 1-0: Called Strike 1-1: Ball 2-1: Called Strike 2-2: SINGLE (Groundball, 6MD, EV 100.0 MPH) Diego Garcia scores Ivan Castillo to third Runner from 3rd tries for Home, SAFE, throw by CF to home Carlos Livas to second
|
Batting: LHB Adam Hairston
|
0-0: SINGLE (Groundball, 4MD, EV 102.5 MPH) (infield hit) Carlos Livas to third
|
Batting: RHB Mike Velazquez
|
0-0: Ball 1-0: Swinging Strike 1-1: Swinging Strike 1-2: Foul Ball, location: 2F 1-2: Ball 2-2: SINGLE (Flyball, 8RS, EV 91.2 MPH) Carlos Livas scores Adam Hairston to second
|
Batting: LHB Shigeru Ono
|
0-0: Fielders Choice at 2nd, 3-6 (Groundball, 3, EV 104.4 MPH) Adam Hairston to third
|
Batting: RHB Dave Pizarro
|
0-0: Ball 1-0: Reached on error, E6 (Groundball, 6, EV 76.9 MPH) Adam Hairston scores Shigeru Ono to second
|
Batting: RHB Manny Hensley
|
0-0: 3-RUN HOME RUN (Flyball, 7LD, EV 91.9 MPH), Distance : 324 ft
|
Batting: LHB Diego Garcia
|
0-0: Ball 1-0: Ground out 6-3 (Groundball, 6M, EV 86.9 MPH)
|
Top of the 3rd over - 9 runs, 8 hits, 1 error, 0 left on base; Rome 23 - Eugene 0 |
BOTTOM OF THE 3RD |
Eugene Emeralds batting - Pitching for Rome Braves : LHP Bahrom Mohammad
|
Batting: LHB Jerry Tyson
|
0-0: Ball 1-0: Ball 2-0: Ball 3-0: Called Strike 3-1: Foul Ball, location: 2F 3-2: Foul Ball, location: 2F 3-2: Strikes out swinging
|
Batting: RHB Gustavo Rodriguez
|
0-0: Ball 1-0: Ball 2-0: Foul Ball, location: 2F 2-1: Ball 3-1: Foul Ball, location: 2F 3-2: SINGLE (Groundball, 56D, EV 101.9 MPH)
|
Batting: RHB Hugo Torrez
|
0-0: Ball 1-0: Called Strike 1-1: Ball 2-1: Ball 3-1: Base on Balls Gustavo Rodriguez to second
|
Batting: RHB Dustin Goldsborough
|
0-0: Fly out, F9 (Flyball, 9LS, EV 84.4 MPH)
|
Batting: RHB Jorge Lagunas
|
0-0: Called Strike 0-1: Called Strike 0-2: Foul Ball, location: 2F 0-2: Ball 1-2: Strikes out looking
|
Bottom of the 3rd over - 0 runs, 1 hit, 0 errors, 2 left on base; Rome 23 - Eugene 0 |
TOP OF THE 4TH |
Rome Braves batting - Pitching for Eugene Emeralds : LHP Alex Gandarilla
|
Batting: RHB Yutaka Yamane
|
0-0: Ball 1-0: Foul Ball, location: 2F 1-1: Swinging Strike 1-2: Foul Ball, location: 2F 1-2: Strikes out swinging
|
Batting: LHB Ivan Castillo
|
0-0: Ball 1-0: Ground out 5-3 (Groundball, 5, EV 85.6 MPH)
|
Batting: RHB Carlos Livas
|
0-0: Ball 1-0: Ball 2-0: Ball 3-0: Base on Balls
|
Batting: LHB Adam Hairston
|
0-0: Foul Ball, location: 2F 0-1: Called Strike 0-2: Ball 1-2: Ball 2-2: Ball 3-2: Foul Ball, location: 2F 3-2: Base on Balls Carlos Livas to second
|
Batting: RHB Mike Velazquez
|
0-0: Foul Ball, location: 2F 0-1: Swinging Strike 0-2: 3-RUN HOME RUN (Flyball, 78XD, EV 108.8 MPH), Distance : 397 ft
|
Batting: LHB Shigeru Ono
|
0-0: Fly out, F7 (Flyball, 7D, EV 96.2 MPH)
|
Top of the 4th over - 3 runs, 1 hit, 0 errors, 0 left on base; Rome 26 - Eugene 0 |
BOTTOM OF THE 4TH |
Eugene Emeralds batting - Pitching for Rome Braves : LHP Bahrom Mohammad
|
Batting: RHB Bartolo Aguilar
|
0-0: Called Strike 0-1: Foul Ball, location: 2F 0-2: Strikes out looking
|
Batting: RHB Mike Larson
|
0-0: Swinging Strike 0-1: Foul Ball, location: 2F 0-2: Strikes out swinging
|
Batting: RHB T.J. Garrison
|
0-0: Called Strike 0-1: Ball 1-1: Ball 2-1: Foul Ball, location: 2F 2-2: Ball 3-2: Strikes out swinging
|
Bottom of the 4th over - 0 runs, 0 hits, 0 errors, 0 left on base; Rome 26 - Eugene 0 |
TOP OF THE 5TH |
Rome Braves batting - Pitching for Eugene Emeralds : LHP Alex Gandarilla
|
Batting: RHB Dave Pizarro
|
0-0: Called Strike 0-1: Ball 1-1: SINGLE (Groundball, 56, EV 103.1 MPH)
|
Batting: RHB Manny Hensley
|
0-0: Foul Ball, location: 2F 0-1: SINGLE (Flyball, 8LS, EV 95.6 MPH) Dave Pizarro to second Runner from 2nd tries for 3rd, SAFE, throw by CF made to third
|
Batting: LHB Diego Garcia
|
0-0: Fielders Choice at 2nd, 6-4 (Groundball, 6M, EV 91.2 MPH) Dave Pizarro scores
|
Batting: RHB Yutaka Yamane
|
0-0: Grounds into double play, 6-4-3 (Groundball, 6, EV 80.6 MPH)
|
Top of the 5th over - 1 run, 2 hits, 0 errors, 0 left on base; Rome 27 - Eugene 0 |
BOTTOM OF THE 5TH |
Eugene Emeralds batting - Pitching for Rome Braves : LHP Bahrom Mohammad
|
Batting: RHB Juan Lira
|
0-0: Called Strike 0-1: Ball 1-1: Swinging Strike 1-2: Foul Ball, location: 2F 1-2: Strikes out swinging
|
Batting: LHB Jerry Tyson
|
0-0: Ball 1-0: Called Strike 1-1: Called Strike 1-2: Strikes out swinging
|
Batting: RHB Gustavo Rodriguez
|
0-0: Ball 1-0: Called Strike 1-1: Ball 2-1: Ground out 6-3 (Groundball, 56, EV 96.9 MPH)
|
Bottom of the 5th over - 0 runs, 0 hits, 0 errors, 0 left on base; Rome 27 - Eugene 0 |
TOP OF THE 6TH |
Rome Braves batting - Pitching for Eugene Emeralds : LHP Alex Gandarilla
|
Batting: LHB Ivan Castillo
|
0-0: Ground out 6-3 (Groundball, 6, EV 105.6 MPH)
|
Batting: RHB Carlos Livas
|
0-0: Ball 1-0: Swinging Strike 1-1: Swinging Strike 1-2: Foul Ball, location: 2F 1-2: Ball 2-2: Strikes out looking
|
Batting: LHB Adam Hairston
|
0-0: Foul Ball, location: 2F 0-1: Foul Ball, location: 2F 0-2: Ball 1-2: Ground out 6-3 (Groundball, 56, EV 82.5 MPH)
|
Top of the 6th over - 0 runs, 0 hits, 0 errors, 0 left on base; Rome 27 - Eugene 0 |
BOTTOM OF THE 6TH |
Eugene Emeralds batting - Pitching for Rome Braves : LHP Bahrom Mohammad
|
Batting: RHB Hugo Torrez
|
0-0: Swinging Strike 0-1: Called Strike 0-2: Foul Ball, location: 2F 0-2: Ball 1-2: Ball 2-2: Strikes out swinging
|
Batting: RHB Dustin Goldsborough
|
0-0: Called Strike 0-1: Called Strike 0-2: Strikes out looking
|
Batting: RHB Jorge Lagunas
|
0-0: Ball 1-0: Ball 2-0: Ball 3-0: Called Strike 3-1: Called Strike 3-2: Ground out 6-3 (Groundball, 6, EV 89.4 MPH)
|
Bottom of the 6th over - 0 runs, 0 hits, 0 errors, 0 left on base; Rome 27 - Eugene 0 |
TOP OF THE 7TH |
Rome Braves batting - Pitching for Eugene Emeralds : LHP Alex Gandarilla
|
Batting: RHB Mike Velazquez
|
0-0: Ball 1-0: SINGLE (Groundball, 4, EV 93.8 MPH)
|
Pinch Hitting: RHB Gebre-Giorgios Wangondu
|
0-0: Fielders Choice at 2nd, 4-6 (Groundball, 4, EV 86.9 MPH)
|
Pinch Hitting: LHB Mitsujiro Tanaka
|
0-0: Fly out, F7 (Flyball, 7, EV 85.6 MPH)
|
Batting: RHB Manny Hensley
|
0-0: Fielders Choice at 2nd, 5-4 (Groundball, 56, EV 85.6 MPH)
|
Top of the 7th over - 0 runs, 1 hit, 0 errors, 1 left on base; Rome 27 - Eugene 0 |
BOTTOM OF THE 7TH |
Eugene Emeralds batting - Pitching for Rome Braves : LHP Bahrom Mohammad
|
Now in LF: Mitsujiro Tanaka
|
|
Now in RF: Gebre-Giorgios Wangondu
|
|
Batting: RHB Bartolo Aguilar
|
0-0: Ball 1-0: Swinging Strike 1-1: Swinging Strike 1-2: Ball 2-2: Ball 3-2: Foul Ball, location: 2F 3-2: Strikes out looking
|
Batting: RHB Mike Larson
|
0-0: Hit by Pitch
|
Batting: RHB T.J. Garrison
|
0-0: Foul Ball, location: 2F 0-1: Ball 1-1: Swinging Strike 1-2: Ball 2-2: Ball 3-2: Foul Ball, location: 2F 3-2: Base on Balls Mike Larson to second
|
Batting: RHB Juan Lira
|
0-0: Swinging Strike 0-1: Called Strike 0-2: Strikes out swinging
|
Pitching: RHP Jose Clemente
|
|
Batting: LHB Jerry Tyson
|
0-0: Ball 1-0: Foul Ball, location: 2F 1-1: Foul Ball, location: 2F 1-2: Foul Ball, location: 2F 1-2: Ball 2-2: Strikes out looking
|
Bottom of the 7th over - 0 runs, 0 hits, 0 errors, 2 left on base; Rome 27 - Eugene 0 |
TOP OF THE 8TH |
Rome Braves batting - Pitching for Eugene Emeralds : LHP Alex Gandarilla
|
Batting: LHB Diego Garcia
|
0-0: Ball 1-0: SINGLE (Groundball, 34D, EV 110.6 MPH)
|
Batting: RHB Yutaka Yamane
|
0-0: Grounds into double play, 4-6-3 (Groundball, 4S, EV 94.4 MPH)
|
Batting: LHB Ivan Castillo
|
0-0: Ground out 5-3 (Groundball, 56, EV 81.2 MPH)
|
Top of the 8th over - 0 runs, 1 hit, 0 errors, 0 left on base; Rome 27 - Eugene 0 |
BOTTOM OF THE 8TH |
Eugene Emeralds batting - Pitching for Rome Braves : RHP Jose Clemente
|
Batting: RHB Gustavo Rodriguez
|
0-0: Ball 1-0: Foul Ball, location: 2F 1-1: DOUBLE (Line Drive, 9LM, EV 108.1 MPH)
|
Batting: RHB Hugo Torrez
|
0-0: Ball 1-0: Foul Ball, location: 2F 1-1: Ball 2-1: Fly out, F9 (Flyball, 9, EV 91.9 MPH)
|
Batting: RHB Dustin Goldsborough
|
0-0: Ball 1-0: Ball 2-0: Called Strike 2-1: Ball 3-1: Base on Balls
|
Batting: RHB Jorge Lagunas
|
0-0: Ball 1-0: Ball 2-0: Ball 3-0: Base on Balls Gustavo Rodriguez to third Dustin Goldsborough to second
|
Batting: RHB Bartolo Aguilar
|
0-0: Ball 1-0: Swinging Strike 1-1: Foul Ball, location: 2F 1-2: Strikes out looking
|
Batting: RHB Mike Larson
|
0-0: Ball Balk! Gustavo Rodriguez scores Dustin Goldsborough to third Jorge Lagunas to second 1-0: Ball 2-0: Foul Ball, location: 2F 2-1: Foul Ball, location: 2F 2-2: Strikes out swinging
|
Bottom of the 8th over - 1 run, 1 hit, 0 errors, 2 left on base; Rome 27 - Eugene 1 |
TOP OF THE 9TH |
Rome Braves batting - Pitching for Eugene Emeralds : LHP Alex Gandarilla
|
Pinch Hitting: RHB Tetsuro Sato
|
0-0: Ball 1-0: Swinging Strike 1-1: Called Strike 1-2: Strikes out looking
|
Batting: LHB Adam Hairston
|
0-0: SINGLE (Flyball, 8RS, EV 98.8 MPH)
|
Batting: RHB Mike Velazquez
|
0-0: Ball 1-0: Fly out, F9 (Flyball, 89M, EV 73.1 MPH)
|
Batting: RHB Gebre-Giorgios Wangondu
|
0-0: Ground out U3 (Groundball, 34S, EV 65.0 MPH)
|
Top of the 9th over - 0 runs, 1 hit, 0 errors, 1 left on base; Rome 27 - Eugene 1 |
BOTTOM OF THE 9TH |
Eugene Emeralds batting - Pitching for Rome Braves : RHP Jose Clemente
|
Now at 1B: Jason Herr
|
|
Batting: RHB T.J. Garrison
|
0-0: Swinging Strike 0-1: Ground out 6-3 (Groundball, 6, EV 107.5 MPH)
|
Batting: RHB Juan Lira
|
0-0: Ball 1-0: Ball 2-0: Ground out 6-3 (Groundball, 56D, EV 101.9 MPH)
|
Batting: LHB Jerry Tyson
|
0-0: Ball 1-0: Ball 2-0: Ground out 4-3 (Groundball, 4, EV 101.9 MPH)
|
Bottom of the 9th over - 0 runs, 0 hits, 0 errors, 0 left on base; Rome 27 - Eugene 1 |
|